 Dungeon Crawl Stone Soup version 0.21.1-1-g345015fe64 (webtiles) character file.

424 Destragon the Shield-Bearer (level 6, -7/56 HPs)
             Began as a Minotaur Fighter on July 12, 2018.
             Was an Initiate of Trog.
             Killed by divine providence
             ... invoked by an orc priest
              (11 damage)
             ... on level 4 of the Dungeon.
             The game lasted 00:16:11 (2788 turns).

Destragon the Shield-Bearer (Minotaur Fighter)      Turns: 2788, Time: 00:16:13

Health: -7/56      AC:  8    Str: 26    XL:     6   Next: 64%
Magic:  5/5        EV:  8    Int:  5    God:    Trog [......]
Gold:   316        SH: 10    Dex: 11    Spells: 5/5 levels left

rFire    . . .     SeeInvis .   a - +0 flail
rCold    . . .     Gourm    .   c - +0 shield
rNeg     . . .     Faith    .   b - +0 scale mail
rPois    .         Spirit   .   (helmet restricted)
rElec    .         Reflect  .   (no cloak)
rCorr    .         Harm     .   o - +0 pair of gloves
MR       .....                  (no boots)
Stlth    ..........             (no amulet)
HPRegen  0.18/turn              (no ring)
MPRegen  0.09/turn              (no ring)

@: mighty
A: retaliatory headbutt, horns 2
a: Burn Spellbooks, Renounce Religion


You were on level 4 of the Dungeon.
You worshipped Trog.
Trog was noncommittal.
You were hungry.

You visited 2 branches of the dungeon, and saw 6 of its levels.

You collected 316 gold pieces.

Inventory:

Hand Weapons
 a - a +0 flail (weapon)
 m - a +0 hunting sling
Missiles
 i - 29 stones (quivered)
 w - 4 tomahawks
Armour
 b - a +0 scale mail (worn)
 c - a +0 shield (worn)
 o - a +0 pair of gloves (worn)
Jewellery
 q - an uncursed ring of wizardry {unknown}
 t - an uncursed amulet of magic regeneration {unknown}
Wands
 n - a wand of flame (23)
Scrolls
 e - 5 scrolls of identify {unknown}
 g - a scroll of enchant weapon {unknown}
 h - 4 scrolls of teleportation {unknown}
 j - a scroll of enchant armour {unknown}
 l - a scroll of magic mapping {unknown}
 s - a scroll of remove curse {unknown}
 v - a scroll of immolation {unknown}
Potions
 d - a potion of might
 k - 3 potions of curing {unknown}
 p - a potion of agility {unknown}
 r - a potion of lignification {unknown}
Comestibles
 f - 14 rations


   Skills:
 + Level 5.0 Fighting
 + Level 5.2 Maces & Flails
 + Level 0.1 Slings
 + Level 5.0 Armour
 + Level 1.2 Dodging
 + Level 0.1 Stealth
 + Level 5.5 Shields
 + Level 0.1 Evocations


You had 5 spell levels left.
You didn't know any spells.

Dungeon Overview and Level Annotations

Branches:
Dungeon (5/15)             Temple (1/1) D:4

Altars:
Ashenzari
Cheibriados
Dithmenos
Elyvilon
Hepliaklqana
Makhleb
Okawaru
Qazlal
Sif Muna
Trog
Uskayaw
Vehumet
Yredelemnul
Zin


Innate Abilities, Weirdness & Mutations

You reflexively headbutt those who attack you in melee.
You have a pair of horns on your head.


Message History

* * * LOW HITPOINT WARNING * * *
You block the orc's attack.
The orc wizard hits you but does no damage.
You feel very mighty all of a sudden. You block the orc wizard's attack.
The orc hits you with an enchanted falchion.
* * * LOW HITPOINT WARNING * * *
The orc barely misses you.
You closely miss the orc wizard.
The orc wizard is almost dead.
You block the orc wizard's attack. You block the orc's attack.
The orc closely misses you. The orc wizard hits you with a dagger.
* * * LOW HITPOINT WARNING * * *
You barely miss the orc wizard.
The orc wizard is almost dead.
The orc wizard casts a spell at you. The magic dart hits you!
The orc priest invokes the aid of Beogh against you.
Beogh smites you!
You die...

#....#....>.........+..
#....#.............##..
#....#####.###.)...##..
#....# #.....#.....##..
####....###.....#.........
#.......o............)....
#.##....###.....#.........
# #..oo###.....#.########
#....o@o....#.....≈g≈..
#.................≈≈≈.8
#....................8_
#####.............≈≈≈.8
##########'##.....≈g≈..
...........############
....................#
#.......########....##.
........'..............


You could see an orc priest, an orc wizard and 2 orcs.

Vanquished Creatures
  Eustachio (D:4)
  An iguana (D:4)
  3 orc wizards (D:4)
  A worker ant (D:4)
  7 adders
  An ooze (D:1)
  4 worms
  4 dart slugs
  2 leopard geckos
  6 orcs
  5 giant cockroaches
  6 goblins
  5 hobgoblins
  3 jackals (D:1)
  A ball python (D:3)
  7 bats
  5 frilled lizards
  7 kobolds
  13 rats
82 creatures vanquished.

Notes
Turn   | Place    | Note
-------+----------+-------------------------------------------
     0 | D:1      | Destragon the Minotaur Fighter began the quest for the Orb.
     0 | D:1      | Reached XP level 1. HP: 19/19 MP: 0/0
   137 | D:1      | Reached XP level 2. HP: 27/27 MP: 1/1
   260 | D:1      | Reached XP level 3. HP: 27/33 MP: 2/2
  1083 | D:2      | Reached XP level 4. HP: 33/40 MP: 3/3
  1521 | D:3      | You fall through a shaft for 2 floors!
  1521 | D:5      | Entered Level 5 of the Dungeon
  1544 | D:5      | Noticed a phantom
  1770 | D:4      | Found a shadowy altar of Dithmenos.
  1835 | D:3      | Reached XP level 5. HP: 45/47 MP: 4/4
  2139 | D:4      | Noticed Eustachio
  2306 | D:4      | Killed Eustachio
  2306 | D:4      | Reached skill level 1 in Dodging
  2306 | D:4      | Reached skill level 5 in Shields
  2306 | D:4      | Reached XP level 6. HP: 33/55 MP: 5/5
  2343 | D:4      | Found a staircase to the Ecumenical Temple.
  2363 | Temple   | Entered the Ecumenical Temple
  2392 | Temple   | Became a worshipper of Trog the Wrathful
  2432 | D:4      | Found a basalt altar of Yredelemnul.
  2471 | D:4      | Noticed an air elemental
  2472 | D:4      | Found a stormy altar of Qazlal.
  2475 | D:4      | Noticed a fire elemental
  2475 | D:4      | Noticed a water elemental
  2500 | D:4      | Reached skill level 5 in Fighting
  2522 | D:4      | Reached skill level 5 in Maces & Flails
  2696 | D:4      | Reached skill level 5 in Armour
  2712 | D:4      | Found an iron altar of Okawaru.
  2788 | D:4      | Killed from afar by an orc priest

Skill      XL: |  1  2  3  4  5  6 |
---------------+-------------------+-----
Shields        | 4 5 |  5.5
Armour         | 4 5 |  5.0
Fighting       | 4 5 |  5.0
Maces & Flails | 3 4 5 |  5.2
Dodging        | 1 |  1.2
Slings         | |  0.1
Stealth        | |  0.1
Evocations     | |  0.1

Action                   |  1- 3 |  4- 6 || total
-------------------------+-------+-------++-------
Melee: Flail             |    98 |   204 ||   302
       Headbutt          |     9 |    25 ||    34
 Fire: Hunting sling     |       |     3 ||     3
Evoke: Wand              |       |     2 ||     2
  Use: Potion            |       |     1 ||     1
  Eat: Chunk             |       |     6 ||     6
Armor: Scale mail        |    50 |    93 ||   143
Dodge: Dodged            |    33 |    71 ||   104
Block: Shield            |    42 |   138 ||   180
